 Dungeon Crawl Stone Soup version 0.30-b1-2-g02819fbbbe (webtiles) character file.

Game seed: 1884847884656189026

3693 Ashen the Ogre Mage (level 10, -5/85 (100) HPs)
             Began as an Ogre Ice Elementalist on Jan 18, 2024.
             Was a Believer of Vehumet.
             Slain by a wight
             ... wielding a +5 battleaxe of freezing
              (14 damage)
             ... on level 8 of the Dungeon.
             The game lasted 00:26:59 (9121 turns).

Ashen the Ogre Mage (Ogre Ice Elementalist)         Turns: 9121, Time: 00:27:00

HP:   -5/85 (100)   AC:  5    Str: 14    XL:     10   Next: 13%
MP:   13/22         EV: 11    Int: 20    God:    Vehumet [**....]
Gold: 558           SH:  0    Dex:  9    Spells: 15/26 levels left

rFire   + . .        C - +0 dagger (elec)
rCold   . . .        (no shield)
rNeg    . . .        s - +2 robe {rF+}
rPois   .            (helmet restricted)
rElec   .            (no cloak)
rCorr   .            (gloves unavailable)
SInv    .            (boots unavailable)
Will    +....        (no amulet)
Stlth   ++           (no ring)
HPRegen 0.34/turn    (no ring)
MPRegen 0.18/turn

%: no passive effects
@: heavily drained
A: large, unfitting armour, tough skin 1
a: Renounce Religion


You were on level 8 of the Dungeon.
You worshipped Vehumet.
Vehumet was pleased with you.
You visited 1 branch of the dungeon, and saw 8 of its levels.
You also visited: Sewer.

You collected 558 gold pieces.

Inventory:

Hand Weapons
 C - a +0 dagger of electrocution (weapon)
 F - a +0 giant club
Missiles
 y - a throwing net
Armour
 s - a +2 robe of fire resistance (worn)
Magical Staves
 H - a staff of cold
Jewellery
 m - an amulet of reflection
 q - an amulet of magic regeneration
 t - a ring of protection from fire
 u - a +4 ring of protection
Wands
 o - a wand of flame (20)
 G - a wand of polymorph (10)
 K - a wand of acid (3)
Scrolls
 c - a scroll of blinking {unknown}
 e - 3 scrolls of identify
 f - 2 scrolls of enchant armour {unknown}
 h - 4 scrolls of summoning {unknown}
 j - 2 scrolls of vulnerability {unknown}
 n - a scroll of noise {unknown}
 p - a scroll of acquirement {unknown}
 w - 3 scrolls of immolation {unknown}
 x - a scroll of magic mapping {unknown}
 A - 5 scrolls of enchant weapon {unknown}
 B - a scroll of fear {unknown}
 J - a scroll of brand weapon {unknown}
Potions
 b - 4 potions of attraction {unknown}
 d - 8 potions of curing
 g - a potion of might {unknown}
 k - 2 potions of heal wounds {unknown}
 l - 6 potions of flight {unknown}
 r - 2 potions of cancellation {unknown}
 v - a potion of experience {unknown}
 z - a potion of lignification {unknown}
 D - a potion of resistance
 E - a potion of invisibility {unknown}
 I - a potion of brilliance {unknown}


   Skills:
 + Level 6.6 Fighting
 + Level 4.4 Maces & Flails
 + Level 5.1 Dodging
 - Level 3.0 Stealth
 * Level 8.5 Spellcasting
 * Level 7.8 Ice Magic


You had 15 spell levels left.
You knew the following spells:

 Your Spells              Type           Power      Damage    Failure   Level
a - Freeze                Ice            100%       1d10      1%          1
b - Frozen Ramparts       Ice            80%        1d13      1%          3
c - Ozocubu's Armour      Ice            40%        N/A       1%          3
d - Summon Ice Beast      Ice/Summ       24%        N/A       16%         4

Your spell library contained the following spells:

 Spells                   Type           Power      Damage    Failure   Level
 Shock                    Conj/Air       32%        1d5       9%          1
 Sting                    Tmut/Pois      32%        1d4       9%          1
 Poisonous Vapours        Pois/Air       16%        N/A       12%         2
 Ignite Poison            Fire/Tmut/Pois 8%         N/A       24%         3
 Cause Fear               Hex            4%         N/A       63%         4
 Olgreb's Toxic Radiance  Pois           8%         N/A       63%         4
 Sticky Flame             Conj/Fire      8%         2d3       63%         4
 Dragon Form              Tmut           4%         N/A       100%        7
 Ignition                 Fire           4%         3d4       100%        8
 Dragon's Call            Summ           4%         N/A       100%        9


Dungeon Overview and Level Annotations

Branches:
Dungeon (8/15)             Temple (0/1) D:4           Sewer (visited)
   Lair: D:8-11

Altars:
Dithmenos
Fedhas
Nemelex Xobeh
Vehumet
Yredelemnul
The Shining One

Shops:
D:3 [   D:5 (

Annotations:
D:3 Grinder
D:6 exclusion: ugly thing
D:8 exclusion: oklob plant


Innate Abilities, Weirdness & Mutations

You are too large for most types of armour.
You have tough skin. (AC +1)


Message History

You hit the wight but do no damage.
The wight is lightly damaged.
The wight resists.
The wall freezes the wight.
The wight hits you with a +5 battleaxe of freezing.
You feel drained. The wight freezes you.
The wight hits you from afar with a +0 spear!
The wall freezes the wight but does no damage.
The wight hits you with a +5 scimitar.
You hit the wight but do no damage. You punch the wight, but do no damage.
The wight is lightly damaged.
The wight hits you from afar with a +0 spear.
You feel drained.
The wight resists.
The wall freezes the wight.
The wight hits you with a +5 battleaxe of freezing!
You feel drained. The wight freezes you.
The wight resists.
The wall freezes the wight.
The wight barely misses you.
Your icy armour and frozen ramparts will break if you move.
Continue?
The wight attacks as you move away! The wight hits you with a +5 scimitar.
Your icy armour cracks and falls away as you move.
The frozen ramparts melt away as you move.
You see here a +0 trident.
As you read the scroll labelled COYJ QON UTHRY, it crumbles to dust.
It is a scroll of identify.
d - 8 potions of curing The wight barely misses you. x2; The wight hits you with a +5 scimitar!
You feel drained.
Okay, then.
Okay, then.
Casting: Ozocubu's Armour (safe; 1% risk of failure)
Confirm with . or Enter, or press ? or * to list all spells.
A chill wind blows around you.
The wight hits you from afar with a +0 spear.
* * * LOW HITPOINT WARNING * * *
The wight closely misses you. The wight misses you.
The wight hits your ice beast with a +5 battleaxe of freezing.
The wight attacks as you move away! The wight hits you with a +5 scimitar!
* * * LOW HITPOINT WARNING * * *
You feel drained.
* * * LOW HITPOINT WARNING * * *
The wight hits you with a +5 battleaxe of freezing!
You die...

#. #..........##
.......#........#
.###..###...>.... ...##...
##....... ## ..#..#
#....... ####.##....###
#.......
###.....Y....#.####.......
......zzz###....#...#####^
..#....#)@...........####.
###..#.).#...##.........
#######....#..........
##.......####### #.......#
# #....#### ##.#.# #####


You could see 3 wights and a friendly ice beast (summoned).

Vanquished Creatures
  Erica (D:8)
  A wraith (D:7)
  A steam dragon (D:7)
  Menkaure (D:4)
  5 water moccasins
  2 orc warriors
  A sky beast (D:6)
  3 black bears
  Pargi (Sewer)
  An ogre (D:6)
  2 ice beasts (D:6)
  2 centaurs
  A phantom (D:5)
  3 bullfrogs
  A wight (D:8)
  A howler monkey (D:4)
  2 jellies
  3 hounds
  4 orc priests
  An iguana (D:5)
  A sleepcap (D:6)
  7 orc wizards
  Robin (D:4)
  7 gnolls (D:6)
  5 adders
  2 white imps (D:6)
  2 ufetubi (D:4)
  3 dart slugs
  18 orcs
  11 ball pythons
  9 endoplasms
  2 giant cockroaches
  13 goblins
  7 hobgoblins
  7 jackals
  12 kobolds
  5 quokkas
  6 bats
  5 frilled lizards
  8 rats
168 creatures vanquished.

Vanquished Creatures (others)
  A fungus (D:2)
1 creature vanquished.

Grand Total: 169 creatures vanquished

Notes
Turn   | Place    | Note
-------+----------+-------------------------------------------
     0 | D:1      | Ashen the Ogre Ice Elementalist began the quest for the
                  | Orb.
     0 | D:1      | Reached XP level 1. HP: 16/16 MP: 3/3
    43 | D:1      | Found a faded altar of an unknown god.
   219 | D:1      | Reached XP level 2. HP: 22/26 MP: 0/5
   579 | D:1      | Reached XP level 3. HP: 32/32 MP: 1/7
   583 | D:1      | Learned a level 3 spell: Frozen Ramparts
   587 | D:1      | Learned a level 3 spell: Ozocubu's Armour
   655 | D:1      | Reached skill level 1 in Fighting
   660 | D:1      | Reached skill level 3 in Spellcasting
  1930 | D:2      | Reached XP level 4. HP: 41/41 MP: 6/8
  2335 | D:3      | Found Ogaicuef's Armour Shop.
  2605 | D:3      | Found a radiant altar of Vehumet.
  2615 | D:3      | Became a worshipper of Vehumet
  2670 | D:3      | Noticed Grinder
  2775 | D:3      | Found a glowing golden altar of the Shining One.
  3237 | D:4      | Noticed a black bear
  3281 | D:4      | Reached XP level 5. HP: 36/49 MP: 7/10
  3417 | D:4      | Reached skill level 1 in Maces & Flails
  3534 | D:4      | Found a glowing drain.
  3538 | Sewer    | Entered a sewer
  3544 | Sewer    | Learned a level 4 spell: Summon Ice Beast
  3663 | Sewer    | Noticed Pargi
  3669 | Sewer    | Killed Pargi
  3670 | Sewer    | Reached skill level 4 in Spellcasting
  3670 | Sewer    | Reached XP level 6. HP: 37/59 MP: 2/12
  3905 | D:4      | Noticed Robin
  3918 | D:4      | Killed Robin
  3929 | D:4      | Reached * piety under Vehumet
  3929 | D:4      | Offered knowledge of Foxfire by Vehumet.
  4138 | D:4      | Killed a black bear
  4230 | D:4      | Noticed Menkaure
  4235 | D:4      | Killed Menkaure
  4236 | D:4      | Reached skill level 5 in Ice Magic
  4236 | D:4      | Reached XP level 7. HP: 67/67 MP: 12/14
  4494 | D:4      | Found a staircase to the Ecumenical Temple.
  4590 | D:5      | Entered Level 5 of the Dungeon
  4708 | D:5      | Reached skill level 5 in Spellcasting
  5126 | D:5      | Found Utatotef's Antique Weapon Boutique.
  5747 | D:6      | Reached XP level 8. HP: 56/78 MP: 8/16
  6360 | D:6      | Reached skill level 6 in Spellcasting
  6542 | D:6      | Found a shadowy altar of Dithmenos.
  6887 | D:6      | Reached skill level 5 in Fighting
  6887 | D:6      | Reached XP level 9. HP: 86/88 MP: 11/19
  7143 | D:6      | Noticed a red ugly thing
  7582 | D:7      | Reached skill level 7 in Spellcasting
  7582 | D:7      | Offered knowledge of Shock by Vehumet.
  7585 | D:7      | Reached ** piety under Vehumet
  8710 | D:8      | Noticed Erica
  8722 | D:8      | Killed Erica
  8723 | D:8      | Reached skill level 5 in Dodging
  8723 | D:8      | Reached skill level 8 in Spellcasting
  8723 | D:8      | Reached XP level 10. HP: 81/100 MP: 11/22
  8814 | D:8      | Found a blossoming altar of Fedhas.
  8825 | D:8      | Noticed an oklob plant
  8945 | D:8      | Found a sparkling altar of Nemelex Xobeh.
  8945 | D:8      | Found a basalt altar of Yredelemnul.
  9013 | D:8      | Noticed a cyclops
  9121 | D:8      | Slain by a wight

Illustrated notes

Levels and vault maps discovered:
D:1:      amcnicky_arrival_underground_garden, layout_loops_ring,
          basic_ecumenical_altar, serial_rivers, chequers_serial_rivers_large_b,
          chequers_serial_rivers_small_a, chequers_serial_rivers_micro_b,
          chequers_serial_rivers_room_b, chequers_serial_rivers_marsh
D:2:      layout_rooms, dreamdust_mushroom_princess
D:3:      layout_loops_ring, vehumet_altar_wand_db,
          mainiacjoe_overflow_small_starburst, serial_glass, glass_columns_c,
          glass_columns_a, glass_columns_c, glass_columns_c, glass_columns_c,
          glass_columns_a, glass_columns_a, glass_columns_a, glass_columns_c,
          glass_columns_b, serial_shops, nicolae_shop_window_shopping,
          st_stairs_12, small_statue_intersection, dk_vineyard_3,
          saegor_snake_ambush, uniq_grinder
D:4:      minmay_wonky_spiral, layout_basic,
          minmay_temple_entry_enclosed_plants, gup_sewer_entry_bowl,
          hangedman_decor_push, uniq_robin, uniq_menkaure
D:5:      layout_layer_cave, serial_shops, shop, dk_noncrumbling_4,
          nicolae_zen_rock_garden
D:6:      cheibrodos_two_vegetables, layout_basic, mainiacjoe_overflow_paths
D:7:      layout_rooms
D:8:      layout_cave_pools, tgw_fedhas, gammafunk_temple_overflow_wave,
          kennysheep_just_a_vault, uniq_erica

Skill      XL: |  1  2  3  4  5  6  7  8  9 |
---------------+----------------------------+-----
Fighting       | 1 2 3 5 6 |  6.6
Spellcasting   | 3 4 5 6 8 |  8.5
Ice Magic      | 4 5 6 7 |  7.8
Dodging        | 2 3 4 5 |  5.1
Maces & Flails | 1 2 3 4 |  4.4
Stealth        | 2 3 |  3.0

Action                     |  1- 3 |  4- 6 |  7- 9 | 10-12 || total
---------------------------+-------+-------+-------+-------++-------
  Melee: Unarmed           |     7 |       |       |       ||     7
         Whip              |     6 |    17 |     3 |       ||    26
         Dagger            |       |       |    64 |     5 ||    69
         Punch             |       |       |     1 |     1 ||     2
   Cast: Freeze            |    74 |    95 |    94 |     2 ||   265
         Frozen Ramparts   |       |     2 |    12 |     3 ||    17
         Ozocubu's Armour  |       |       |    11 |     2 ||    13
         Summon Ice Beast  |       |       |       |     1 ||     1
  Evoke: Wand              |       |     3 |    39 |       ||    42
    Use: Potion            |     1 |       |       |       ||     1
         Scroll            |       |       |       |     1 ||     1
   Stab: Sleeping          |     1 |       |     4 |       ||     5
 Armour: Robe              |    36 |    23 |    49 |     3 ||   111
  Dodge: Dodged            |    53 |    73 |    76 |    17 ||   219
